 Dungeon Crawl Stone Soup version 0.13-a0-1614-gd69a504 (webtiles) character file.

8038 Koal the Martial Artist (level 10, -1/72 HPs)
             Began as a Black Draconian Transmuter on June 15, 2013.
             Was a High Priest of Okawaru.
             Slain by a crocodile (7 damage)
             ... on Level 3 of the Lair of Beasts.
             The game lasted 01:32:38 (12770 turns).

Koal the Martial Artist (DrTm)                     Turns: 12770, Time: 01:32:38

HP  -1/72        AC 11     Str 12      XL: 10   Next: 94%
MP   6/17        EV  2     Int 22      God: Okawaru [*****.]
Gold 583         SH  0     Dex 17      Spells:  4 memorised,  0 levels left

Res.Fire  : . . .   See Invis. : .   b - melded +1 orc blowgun
Res.Cold  : . . .   Warding    : .   (armour unavailable)
Life Prot.: + + +   Conserve   : .   (shield currently unavailable)
Res.Poison: +       Res.Corr.  : .   h - +2 wizard hat
Res.Elec. : +       Clarity    : .   e - +0 cloak
Sust.Abil.: . .     Spirit.Shd : .   (gloves currently unavailable)
Res.Mut.  : .       Stasis     : .   w - +0 pair of boots (curse)
Res.Rott. : +       Flight     : .   g - amulet of the gourmand
Gourmand  : +                        y - ring of Ucvyledd {Dex+2 Int+5}
                                     x - cursed +3 ring of dexterity

@: blade hands (expiring), petrified, somewhat resistant to hostile
enchantments, unstealthy
A: breathe lightning, unfitting armour, electricity resistance, AC +7
a: Breathe Lightning, End Transformation, Heroism, Finesse, Renounce Religion


You were on level 3 of the Lair of Beasts.
You worshipped Okawaru.
Okawaru was extremely pleased with you.
You were very full.
Your hands were blades.
You visited 3 branches of the dungeon, and saw 13 of its levels.
You also visited: Sewer.

You collected 563 gold pieces.

Inventory:

Hand weapons
 b - a +1 orcish blowgun (melded)
Missiles
 o - 22 darts (quivered)
 J - 12 curare-tipped needles
 P - 19 poisoned needles
Armour
 e - a +0 cloak (worn)
 h - a +2 wizard hat (worn)
 w - a cursed +0 pair of boots (worn)
Magical devices
 a - a wand of confusion (17)
 c - a wand of fireball (2)
 D - a wand of polymorph (1)
 M - a wand of heal wounds (4)
Comestibles
 j - 14 grapes
 k - a meat ration
 v - 21 sultanas
 L - a choko
Scrolls
 q - 3 scrolls of remove curse
 C - 5 scrolls of teleportation
 K - a scroll of fear
Jewellery
 g - an amulet of the gourmand (around neck)
 r - an uncursed ring of teleport control
 s - an uncursed ring of see invisible
 u - an uncursed ring of life protection
 x - a cursed +3 ring of dexterity (left scythe-like blade)
 y - the ring of Ucvyledd (right scythe-like blade) {Dex+2 Int+5}
   (You found it on level 7 of the Dungeon)

   [ring of intelligence]

   It affects your intelligence (+5).
   It affects your dexterity (+2).
Potions
 d - a potion of confusion {unknown}
 f - 4 potions of heal wounds
 i - a potion of flight {unknown}
 l - a potion of berserk rage {unknown}
 m - 2 potions of brilliance {unknown}
 p - 3 potions of might
 t - 2 potions of paralysis {unknown}
 z - 5 potions of curing
 E - a potion of beneficial mutation {unknown}
 G - a potion of agility {unknown}
 I - a potion of restore abilities {unknown}
 O - a potion of resistance {unknown}
 Q - 3 potions of magic


   Skills:
 - Level 1.1 Fighting
 + Level 7.2 Dodging
 - Level 10.4 Unarmed Combat
 - Level 3.0 Spellcasting
 - Level 4.7 Charms
 - Level 9.0 Transmutations
 - Level 2.5 Ice Magic
 - Level 1.0 Poison Magic


You couldn't memorise any spells.
You knew the following spells:

 Your Spells              Type           Power        Failure   Level  Hunger
a - Ozocubu's Armour      Chrm/Ice       ###.......   50%         3    ###....
b - Spider Form           Trmt/Pois      ####......   36%         3    ###....
c - Ice Form              Ice/Trmt       ####......   50%         4    ####...
d - Blade Hands           Trmt           #####.....   50%         5    #####..


Dungeon Overview and Level Annotations

Branches:
Dungeon (9/27)             Temple (1/1) D:5            Lair (3/8) D:9
    Orc: D:6-11       Swamp: Lair:3-6    Shoals: Lair:3-6     Snake: Lair:3-6
 Spider: Lair:3-6

Altars:
Cheibriados
Fedhas
Kikubaaqudgha
Okawaru
Sif Muna

Shops:
D:5: / D:7: [

Portals:
Ziggurat: D:9 (5060 gp)

Annotations
D:3 Sigmund
D:4 1 exclusion
D:9 exclusion: door


Innate Abilities, Weirdness & Mutations

You can breathe wild blasts of lightning.*
Your glossy black scales are hard (AC +7).*
Your body does not fit into most forms of armour.
Your cold-blooded metabolism reacts poorly to cold.
You are resistant to electric shocks.*


Message History

The crocodile bites you. The basilisk bites you!
The crocodile bites you but does no damage.
The basilisk completely misses you. The crocodile bites you!
* * * LOW HITPOINT WARNING * * *
The basilisk bites you!
* * * LOW HITPOINT WARNING * * *
The crocodile bites you.
* * * LOW HITPOINT WARNING * * *
The basilisk gazes at you.
Your transformation is almost over.
The crocodile bites you but does no damage.
The basilisk bites you!
* * * LOW HITPOINT WARNING * * *
The crocodile bites you.
* * * LOW HITPOINT WARNING * * *
The basilisk bites you.
* * * LOW HITPOINT WARNING * * *
The crocodile bites you!
You die...

...................
.!<..#..#....#.....#
###.....+....#.....#..
.............#.........
.....#........#...+#....
........................
...P....................
.................l?......
#f.P............@t.......
................%>.......
.........................
........................
........................
....!...................
... .$..............
............ ..........


You could see a basilisk and a crocodile.

Vanquished Creatures
  A feature mimic (Lair:1)
  3 komodo dragons
  A troll (D:9)
  2 wyverns
  9 yaks (Lair:1)
  Grum (D:9)
  A hippogriff (Lair:3)
  A mottled dragon (D:9)
  Edmund (Temple)
  2 war dogs (D:8)
  A manticore (D:8)
  A hungry ghost (D:7)
  A manticore zombie (D:9)
  2 phantoms (D:5)
  2 ogres (D:6)
  An orc warrior (D:9)
  A sky beast (D:9)
  2 crocodiles
  3 centaurs
  2 water moccasins (D:8)
  4 giant slugs
  6 giant frogs
  An agate snail (Lair:1)
  A big kobold (D:9)
  A centaur skeleton (D:4)
  A goliath beetle (D:9)
  4 crimson imps
  An ogre skeleton (D:5)
  6 hounds
  7 orc priests
  3 big fish (Sewer)
  5 scorpions
  A worker ant zombie (D:5)
  3 orc wizards
  A hound skeleton (D:8)
  5 worker ants
  4 jellies
  3 iguanas
  2 porcupines
  12 adders
  9 gnolls
  3 green rats
  3 giant centipedes
  2 iguana zombies
  A scorpion zombie (D:6)
  A giant mite (D:9)
  6 worms
  3 giant eyeballs
  3 giant geckos (Lair:1)
  17 orcs
  19 bats
  6 giant cockroaches
  9 goblins
  10 hobgoblins
  14 jackals
  8 quokkas
  3 ball pythons
  A giant gecko skeleton (D:5)
  6 giant newts
  18 kobolds
  2 quokka skeletons
  30 rats
  A rat skeleton (D:6)
  2 plants
286 creatures vanquished.

Vanquished Creatures (others)
  A giant frog (D:9)
  2 jackals (Lair:1)
  A goblin (D:5)
  A kobold (D:4)
  A fungus (D:9)
6 creatures vanquished.

Grand Total: 292 creatures vanquished

Notes
Turn   | Place    | Note
--------------------------------------------------------------
     0 | D:1      | Koal, the Draconian Transmuter, began the quest for the Orb.
     0 | D:1      | Reached XP level 1. HP: 16/16 MP: 1/1
   214 | D:1      | Reached XP level 2. HP: 15/23 MP: 0/3
   708 | D:1      | Reached skill level 4 in Unarmed Combat
   869 | D:2      | Reached XP level 3. HP: 25/28 MP: 2/4
   878 | D:2      | Learned a level 3 spell: Spider Form
  1730 | D:3      | Reached skill level 1 in Poison Magic
  1730 | D:3      | Reached XP level 4. HP: 35/35 MP: 3/6
  1895 | D:3      | Noticed Sigmund
  2241 | D:4      | Reached XP level 5. HP: 34/40 MP: 3/7
  2507 | D:4      | Reached skill level 5 in Transmutations
  2700 | D:4      | Reached XP level 6. HP: 38/47 MP: 7/9
  2904 | D:4      | Reached skill level 5 in Unarmed Combat
  3273 | D:5      | Entered Level 5 of the Dungeon
  3300 | D:5      | Your scales start taking on a glossy black colour.
  3300 | D:5      | Gained mutation: You are resistant to electric shocks. [draconian maturity]
  3300 | D:5      | Reached XP level 7. HP: 23/52 MP: 5/10
  3466 | D:5      | Paralysed by a giant eyeball for 3 turns
  3484 | D:5      | Found a staircase to the Ecumenical Temple.
  3490 | D:5      | Found an ancient bone altar of Kikubaaqudgha.
  3494 | Temple   | Entered the Ecumenical Temple
  3503 | Temple   | Became a worshipper of Warmaster Okawaru
  3518 | Temple   | Learned a level 5 spell: Blade Hands
  3631 | D:5      | Reached skill level 6 in Unarmed Combat
  3960 | D:5      | Noticed Edmund
  4125 | Temple   | Killed Edmund
  4147 | D:5      | Acquired Okawaru's first power
  4279 | D:5      | Reached skill level 7 in Unarmed Combat
  4495 | D:5      | Reached XP level 8. HP: 58/60 MP: 8/12
  4517 | D:5      | Found Muicuacs' Magical Wand Boutique.
  4595 | D:5      | Paralysed by a giant eyeball for 4 turns
  5076 | D:6      | Reached skill level 8 in Unarmed Combat
  5494 | D:6      | Found a glowing drain.
  5509 | Sewer    | Entered a sewer
  6581 | D:7      | Found Lifogri's Antique Armour Shop.
  6669 | D:7      | Found a blossoming altar of Fedhas.
  6851 | D:7      | Got a scintillating brass ring
  7059 | D:8      | Reached XP level 9. HP: 66/66 MP: 15/15
  7068 | D:8      | Paralysed by a giant eyeball for 3 turns
  7500 | D:8      | Learned a level 4 spell: Ice Form
  7594 | D:8      | Reached skill level 9 in Unarmed Combat
  7828 | D:8      | Reached skill level 1 in Ice Magic
  7988 | D:8      | Identified the ring of Ucvyledd {Dex+2 Int+5} (You found it on level 7 of the Dungeon)
  9038 | D:9      | Noticed Grum
  9063 | D:8      | Reached skill level 10 in Unarmed Combat
  9242 | D:9      | Killed Grum
  9903 | D:9      | Reached XP level 10. HP: 64/72 MP: 11/17
  9986 | D:9      | Found a staircase to the Lair.
 10008 | D:9      | Found a gateway to a ziggurat.
 10438 | D:9      | Found a deep blue altar of Sif Muna.
 10604 | Lair:1   | Entered Level 1 of the Lair of Beasts
 10721 | Lair:1   | Learned a level 3 spell: Ozocubu's Armour
 10758 | Lair:1   | Reached skill level 1 in Charms
 10767 | Lair:1   | Reached skill level 5 in Dodging
 11342 | Lair:1   | Acquired Okawaru's second power
 12770 | Lair:3   | Slain by a crocodile

Action                   |  1- 3 |  4- 6 |  7- 9 | 10-12 || total
-------------------------+-------+-------+-------+-------++-------
Melee: Unarmed           |   157 |   144 |   449 |   209 ||   959
 Fire: Blowgun           |       |       |    81 |    83 ||   164
       Sling             |       |       |    28 |       ||    28
Throw: Stone             |    26 |    32 |    24 |       ||    82
       Dart              |     3 |       |       |     4 ||     7
 Cast: Beastly Appendage |    15 |     9 |     4 |       ||    28
       Spider Form       |       |    13 |    36 |       ||    49
       Blade Hands       |       |       |    11 |    15 ||    26
       Ice Form          |       |       |     1 |     1 ||     2
Invok: Heroism           |       |       |       |     1 ||     1
 Abil: End Transformatio |       |     7 |    14 |       ||    21
       Breathe Lightning |       |       |     9 |     4 ||    13
Evoke: Wand              |       |       |     2 |     2 ||     4
  Use: Scroll            |       |     4 |    19 |     4 ||    27
       Potion            |       |       |     1 |       ||     1
 Stab: Sleeping          |       |       |     1 |     1 ||     2
